Map: Artillería pesada EE

Players

MrFercho - Winner!

  • Race: Zerg Zerg
  • League: Silver
  • Spawn Location: 3:00

TATORREA - Winner!

  • Race: Protoss Protoss
  • League: Silver
  • Spawn Location: 1:00

Austin

  • Race: Terran Terran
  • Spawn Location: 7:00

BoBo

  • Race: Protoss Protoss
  • Spawn Location: 7:00

VOD

Have the link to the VOD?

Description

Time

  • Played on: May 22, 2020, 8:46 p.m.
  • Length: 27:06
Show
View Real Time Build Order
Export as new Build Order

MrFercho Zerg - Winner!

Build Orders: Pool First 

Get SALT Encoding   

  12  0:02  Drone  
  13  0:16  Overlord  
  13  0:17  Drone  
  14  0:34  Drone x2  
  16  0:38  Drone  
  17  0:47  Extractor  
  16  0:52  Spawning Pool  
  16  0:53  Drone  
  16  1:12  Drone  
  16  1:13  Drone  
  18  1:30  Drone  
  19  1:45  Drone  
  19  1:46  Drone  
  21  1:49  Extractor  
  20  2:09  Hatchery, Drone  
  20  2:10  Drone  
  20  2:12  Metabolic Boost  
  21  2:21  Overlord  
  21  2:38  Queen  
  21  2:39  Hatchery  
  21  2:41  Overlord x2  
  22  2:52  Drone  
  23  3:08  Drone  
  23  3:09  Drone  
  25  3:31  Drone x3  
  28  3:51  Queen  
  28  3:54  Drone x2  
  32  3:59  Lair  
  32  4:19  Spine Crawler  
  31  4:32  Queen  
  33  4:55  Zergling x2  
  33  4:56  Zergling x24  
  46  5:10  Zergling x6  
  49  5:26  Spire  
  48  5:34  Evolution Chamber  
  47  5:37  Zergling x6  
  47  5:38  Zergling x14  
  57  6:23  Zergling x2  
  58  6:26  Overlord  
  58  6:27  Overlord x5  
  58  6:28  Overlord x2  
  44  7:17  Zergling x2  
  44  7:18  Zergling x16  
  35  7:48  Queen  
  34  7:51  Zerg Ground Armor Level 1  
  34  8:05  Queen  
  34  8:12  Mutalisk x3  
  38  8:13  Mutalisk x6  
  54  8:47  Spine Crawler  
  54  8:48  Spine Crawler  
  52  8:53  Zerg Flyer Armor Level 1  
  52  9:08  Infestation Pit  
  51  9:11  Mutalisk x6  
  63  9:20  Zergling x2  
  63  9:21  Zergling x22  
  75  9:34  Drone x3  
  78  9:42  Extractor x2  
  40  11:07  Mutalisk  
  40  11:08  Mutalisk x5  
  52  11:36  Hive  
  52  11:40  Drone  
  52  11:41  Drone x8  
  61  12:17  Drone  
  61  12:18  Drone x8  
  48  13:14  Adrenal Glands  
  48  13:18  Zerg Ground Armor Level 2  
  48  13:33  Hydralisk Den  
  47  13:48  Corruptor x5  
  47  13:49  Corruptor x2  
  47  13:54  Zergling x2  
  47  13:55  Zergling x18  
  71  14:26  Evolution Chamber  
  71  14:31  Hydralisk x9  
  88  15:00  Greater Spire  
  64  15:57  Grooved Spines  
  64  16:25  Baneling Nest  
  63  16:27  Hatchery  
  63  16:28  Zerg Missile Weapons Level 1  
  63  16:29  Extractor x2  
  60  16:43  Zerg Ground Armor Level 3  
  60  17:00  Hydralisk  
  60  17:01  Hydralisk x11  
  84  17:52  Zergling x10  
  84  17:53  Zergling x24  
  101  18:09  Zerg Flyer Weapons Level 1  
  101  18:26  Baneling  
  101  18:27  Baneling x17  
  101  18:28  Baneling x18  
  101  18:32  Zerg Missile Weapons Level 2  
  101  18:54  Centrifical Hooks  
  75  19:36  Muscular Augments  
  59  20:00  Hydralisk x3  
  59  20:01  Hydralisk x6  
  59  21:15  Hatchery  
  59  21:18  Extractor  
  57  21:22  Zergling x2, Extractor  
  57  21:23  Zergling x18  
  66  21:40  Zerg Missile Weapons Level 3  
  66  21:43  Zerg Melee Weapons Level 1  
  66  21:51  Neural Parasite  
  66  21:57  Hydralisk x4  
  66  21:58  Hydralisk x5  
  84  22:03  Baneling x11  
  84  22:05  Baneling  
  84  22:07  Baneling  
  74  23:09  Hydralisk  
  74  23:10  Hydralisk x12  
  94  23:48  Zerg Melee Weapons Level 2  
  94  23:58  Hydralisk  
  94  23:59  Hydralisk x7  
  80  25:01  Hydralisk  
  80  25:02  Hydralisk x8  
  90  25:41  Drone x3  
  75  26:05  Hydralisk x5  
  75  26:06  Hydralisk x4  
Show
View Real Time Build Order
Export as new Build Order

TATORREA Protoss - Winner!

Build Orders:  

Get SALT Encoding   

  12  0:03  Probe  
  13  0:24  Probe  
  14  0:36  Pylon, Probe  
  15  0:51  Assimilator  
  15  0:54  Probe  
  16  1:16  Probe  
  17  1:22  Gateway  
  17  1:25  Gateway  
  17  1:37  Pylon  
  17  1:53  Probe  
  18  2:09  Probe  
  18  2:10  Assimilator  
  19  2:21  Probe  
  20  2:26  Nexus  
  20  2:33  Probe  
  21  2:56  Cybernetics Core  
  21  2:57  Zealot  
  23  2:59  Pylon  
  23  3:01  Forge  
  23  3:05  Zealot  
  25  3:11  Probe  
  26  3:32  Probe  
  27  3:38  Warp Gate  
  27  3:41  Stalker x2  
  29  3:43  Protoss Ground Weapons Level 1  
  29  3:46  Probe  
  32  3:50  Probe  
  33  3:58  Probe  
  33  4:02  Probe  
  35  4:05  Pylon  
  35  4:10  Probe  
  35  4:12  Pylon  
  35  4:14  Probe  
  37  4:17  Stalker  
  37  4:23  Stalker  
  41  4:29  Probe x2  
  43  4:42  Twilight Council  
  43  4:43  Probe x2  
  45  5:01  Probe x2  
  47  5:13  Probe x2, Stargate  
  49  5:16  Stargate  
  49  5:20  Robotics Facility  
  49  5:25  Probe x2  
  49  5:27  Pylon  
  51  5:28  Assimilator  
  51  5:32  Assimilator, Blink  
  51  5:33  Protoss Air Weapons Level 1  
  51  5:37  Probe x2  
  51  5:41  Stalker  
  55  5:46  Stalker  
  55  5:49  Probe x2  
  59  6:03  Probe  
  60  6:10  Void Ray  
  64  6:20  Void Ray  
  68  6:38  Immortal  
  72  6:44  Stalker  
  72  6:45  Stalker  
  76  6:56  Nexus  
  76  6:58  Probe x2  
  78  7:56  Probe x2  
  64  8:08  Probe x2  
  64  8:10  Stalker x2  
  64  8:11  Protoss Ground Weapons Level 2  
  70  8:18  Probe  
  71  8:21  Probe x2  
  73  8:30  Probe  
  73  8:32  Pylon  
  73  8:33  Probe x2  
  76  8:37  Void Ray x2  
  76  8:39  Pylon  
  76  8:40  Immortal  
  88  8:42  Pylon, Probe  
  88  8:45  Probe x2  
  88  8:46  Pylon  
  91  8:52  Pylon  
  91  8:54  Probe  
  92  8:56  Assimilator  
  92  8:57  Probe x2  
  92  9:02  Assimilator  
  94  9:19  Immortal, Robotics Bay  
  94  9:20  Void Ray x2  
  94  9:21  Fleet Beacon  
  106  9:52  Stalker x2  
  110  9:58  Immortal  
  114  10:03  Void Ray x2  
  122  10:16  Protoss Air Armor Level 1  
  86  10:45  Protoss Ground Armor Level 1  
  74  10:51  Stalker  
  74  10:52  Stalker  
  78  10:58  Void Ray x2  
  78  10:59  Colossus  
  78  11:02  Extended Thermal Lance  
  92  11:04  Unknown  
  92  11:41  Void Ray x2  
  92  11:45  Charge  
  100  11:50  Nexus  
  100  11:53  Immortal  
  104  12:00  Gateway  
  104  12:04  Gateway  
  104  12:05  Gateway  
  104  12:09  Gateway  
  104  12:14  Stalker x2, Gateway  
  108  12:16  Gateway  
  108  12:18  Gateway  
  108  12:20  Gateway  
  108  12:23  Void Ray x2  
  116  12:33  Protoss Air Weapons Level 2  
  116  12:53  Protoss Ground Weapons Level 3  
  96  13:06  Void Ray x2  
  90  13:19  Immortal  
  94  13:30  Anion Pulse-Crystals  
  94  13:43  Stalker x2  
  94  13:44  Stalker x3  
  94  13:45  Stalker x2  
  94  13:46  Stalker x2  
  94  13:48  Stalker  
  114  13:49  Phoenix x2  
  118  14:14  Phoenix x2  
  122  14:29  Assimilator  
  122  14:32  Stalker  
  122  14:33  Stalker x2, Assimilator  
  122  14:34  Stalker x2  
  122  14:35  Stalker x2  
  122  14:36  Stalker x2  
  122  14:37  Stalker  
  142  14:39  Phoenix x2  
  146  15:07  Protoss Air Armor Level 2  
  70  15:52  Protoss Ground Armor Level 2  
  70  15:55  Carrier x2  
  82  15:59  Immortal  
  86  16:04  Stalker x2  
  86  16:05  Stalker x4  
  86  16:06  Stalker x3  
  86  16:07  Stalker  
  106  16:48  Nexus  
  106  16:58  Void Ray  
  106  16:59  Void Ray  
  114  17:05  Stalker  
  114  17:06  Stalker x4  
  114  17:07  Stalker x4  
  132  17:10  Stalker  
  134  17:40  Colossus  
  134  17:41  Void Ray  
  144  17:50  Protoss Air Weapons Level 3  
  144  18:08  Zealot  
  144  18:09  Zealot x4  
  144  18:10  Zealot x4  
  144  18:11  Zealot  
  150  18:18  Assimilator  
  150  18:23  Assimilator  
  51  20:41  Stalker  
  51  20:42  Stalker x3  
  51  20:43  Stalker x4  
  51  20:44  Stalker x2  
  51  20:48  Tempest x2  
  75  20:50  Colossus  
  81  21:18  Zealot x2  
  81  21:19  Zealot x2  
  81  21:20  Zealot x4  
  81  21:21  Zealot x2  
  81  21:23  Nexus  
  101  21:25  Nexus  
  101  21:31  Carrier x2  
  113  21:40  Protoss Ground Armor Level 3  
  113  21:50  Immortal  
  117  21:55  Zealot  
  117  21:56  Zealot x2  
  117  21:57  Zealot x4  
  117  21:58  Zealot x3  
  137  22:04  Protoss Air Armor Level 3  
  137  22:17  Zealot  
  137  22:18  Zealot x2  
  137  22:19  Zealot  
  145  22:34  Colossus  
  145  22:36  Carrier x2  
  99  23:40  Carrier x2  
  97  23:51  Zealot x3  
  97  23:52  Zealot  
  97  23:53  Zealot x2  
  97  23:54  Zealot x2  
  97  23:55  Zealot x2  
  105  24:44  Tempest x2  
  83  26:24  Stalker x4  
  83  26:25  Stalker x3  
Show
View Real Time Build Order
Export as new Build Order

Austin Terran 

Build Orders: Command Center First (CC) 

Get SALT Encoding   

  12  0:02  SCV  
  13  0:14  SCV  
  14  0:26  SCV  
  15  0:31  Supply Depot  
  15  0:54  Refinery  
  15  0:55  Refinery  
  15  0:59  SCV  
  16  1:16  Command Center  
  16  1:20  SCV  
  18  1:32  SCV  
  18  1:49  Barracks  
  18  1:50  SCV  
  19  2:02  SCV  
  19  2:18  SCV  
  20  2:25  Supply Depot  
  20  2:30  SCV  
  21  2:37  Factory  
  21  2:41  Barracks Reactor  
  21  2:44  SCV  
  21  2:46  SCV  
  23  2:56  Supply Depot  
  23  2:59  SCV  
  23  3:02  SCV  
  25  3:15  Refinery  
  25  3:17  Orbital Command  
  25  3:29  Starport  
  25  3:35  Orbital Command  
  25  3:57  Starport, SCV  
  26  4:07  Factory Tech Lab  
  26  4:09  SCV  
  27  4:18  Viking  
  27  4:19  Viking  
  27  4:21  SCV  
  32  4:26  SCV  
  33  4:33  SCV  
  33  4:34  Supply Depot  
  35  4:38  SCV  
  35  4:39  Starport Reactor  
  35  4:45  SCV  
  36  4:48  Viking  
  36  4:50  SCV  
  39  4:57  SCV  
  39  4:58  Refinery  
  40  5:01  Viking  
  42  5:15  Fusion Core  
  42  5:17  Viking  
  42  5:18  Viking x2  
  48  5:22  Supply Depot  
  48  5:24  SCV x2  
  50  5:36  Viking, SCV  
  50  5:40  SCV  
  54  5:48  SCV  
  55  5:52  SCV  
  56  6:05  Viking x3  
  62  6:13  Starport  
  62  6:14  Starport  
  62  6:20  Supply Depot  
  62  6:49  Viking x3  
  57  7:47  Siege Tank  
  52  8:10  Starport Tech Lab x2  
  52  8:11  Viking x3  
  52  8:12  Viking  
  60  8:19  Factory  
  60  8:30  Command Center  
  60  8:34  Supply Depot  
  60  8:35  Supply Depot  
  60  8:39  Siege Tank  
  60  8:41  Viking  
  65  8:49  Armory  
  65  9:00  SCV x2  
  67  9:12  SCV x2  
  69  9:57  Battlecruiser  
  81  10:00  Viking x4  
  64  10:50  Viking x4  
  68  11:01  Viking  
  68  11:02  Battlecruiser  
  67  11:16  Engineering Bay  
  67  11:19  SCV x2  
  67  11:23  SCV  
  70  11:31  Battlecruiser  
  76  11:35  SCV  
  77  11:41  Weapon Refit  
  77  11:47  SCV  
  77  11:49  Missile Turret  
  77  11:50  Missile Turret  
  77  11:51  Missile Turret  
  78  11:56  Missile Turret  
  78  11:59  Missile Turret, SCV  
  78  12:01  SCV x2  
  81  12:07  Battlecruiser  
  87  12:12  Command Center  
  87  12:13  Missile Turret  
  87  12:14  Missile Turret x3  
  88  12:16  Missile Turret  
  88  12:17  Missile Turret  
  88  12:19  Planetary Fortress  
  88  12:22  Missile Turret  
  87  12:34  Refinery  
  87  12:35  Battlecruiser  
  87  12:36  Missile Turret  
  87  12:37  Refinery  
  93  12:40  Missile Turret  
  93  12:44  Viking x4  
  101  13:11  Battlecruiser  
  107  13:27  Terran Ship Weapons Level 1  
  107  13:37  Planetary Fortress  
  107  13:39  Battlecruiser  
  113  13:52  Command Center  
  113  13:56  Siege Tank  
  113  13:57  Factory Tech Lab  
  116  14:15  Battlecruiser  
  122  14:36  Supply Depot  
  122  14:38  Supply Depot  
  122  14:41  Siege Tank  
  122  14:44  Battlecruiser  
  131  14:58  Viking x4  
  131  14:59  Supply Depot  
  139  15:02  Supply Depot  
  139  15:12  Missile Turret x2  
  133  15:19  Battlecruiser  
  109  15:39  Viking x2  
  109  15:40  Viking x2  
  117  15:48  Battlecruiser  
  115  16:03  Planetary Fortress  
  115  16:09  Viking, Command Center  
  117  16:27  Missile Turret  
  117  16:28  Battlecruiser, Missile Turret  
  117  16:30  Viking x2  
  127  16:42  Refinery  
  127  16:46  Refinery, Terran Ship Weapons Level 2  
  127  17:22  Planetary Fortress  
  127  17:27  Missile Turret  
  127  17:33  Missile Turret  
  127  17:40  Missile Turret x2  
  127  17:46  Missile Turret  
  127  17:47  Missile Turret  
  127  17:51  Missile Turret  
  127  17:54  Battlecruiser  
  127  17:55  Battlecruiser  
  139  18:01  Missile Turret  
  139  18:02  Missile Turret  
  139  18:06  Missile Turret  
  139  18:11  Missile Turret  
  139  18:23  Missile Turret  
  139  18:26  Missile Turret  
  139  18:27  Viking  
  139  18:28  Viking x2  
  139  18:33  Missile Turret  
  123  18:45  Missile Turret  
  123  18:49  Command Center  
  123  18:52  Missile Turret  
  123  18:59  Battlecruiser x2  
  135  19:05  Missile Turret  
  135  19:08  Orbital Command  
  105  19:41  Viking  
  107  20:03  Battlecruiser x2  
  79  20:33  Viking x2  
  79  20:34  Viking  
  79  20:40  SCV  
  80  20:52  SCV  
  81  21:05  SCV  
  81  21:07  Battlecruiser  
  81  21:08  Viking x3  
  81  21:09  Viking x2  
  98  21:17  SCV  
  99  21:23  Siege Tank  
  99  21:24  Siege Tank  
  105  21:29  Orbital Command, SCV  
  106  22:04  Refinery  
  106  22:09  Refinery  
  106  22:11  Battlecruiser  
  112  22:35  Battlecruiser  
  112  22:36  Viking x4  
  114  23:06  Viking  
  108  23:35  Command Center  
  108  23:52  Battlecruiser  
  108  23:53  Battlecruiser  
  98  24:44  Viking  
  98  24:45  Viking x3  
  98  24:57  Battlecruiser x2  
  101  25:14  Viking  
  101  25:15  Viking  
  75  26:01  Battlecruiser x2  
Show
View Real Time Build Order
Export as new Build Order

BoBo Protoss 

Build Orders:  

Get SALT Encoding   

  12  0:02  Probe  
  13  0:14  Probe  
  14  0:22  Pylon  
  14  0:31  Probe (Chrono Boost)  
  14  0:32  Pylon  
  15  0:41  Probe (Chrono Boost)  
  16  0:50  Gateway  
  16  1:01  Probe  
  16  1:02  Gateway  
  17  1:13  Probe  
  18  1:25  Assimilator, Probe  
  19  1:37  Probe  
  20  1:42  Cybernetics Core  
  20  1:44  Zealot  
  22  1:49  Probe (Chrono Boost)  
  24  2:01  Probe (Chrono Boost)  
  24  2:08  Pylon  
  24  2:10  Probe (Chrono Boost)  
  24  2:13  Assimilator  
  25  2:15  Probe  
  26  2:29  Zealot x2  
  30  2:36  Warp Gate (Chrono Boost)  
  30  2:57  Nexus  
  30  2:58  Pylon  
  30  3:11  Twilight Council, Gateway  
  30  3:21  Stalker x2  
  34  3:41  Probe (Chrono Boost)  
  35  3:49  Gateway  
  35  3:50  Probe (Chrono Boost)  
  35  3:53  Gateway  
  35  3:55  Probe (Chrono Boost)  
  36  4:00  Pylon  
  37  4:07  Probe  
  38  4:12  Probe  
  39  4:19  Probe  
  39  4:21  Charge  
  40  4:24  Probe  
  40  4:25  Zealot  
  43  4:31  Probe  
  44  4:41  Forge  
  44  4:44  Probe x2  
  46  4:56  Probe x2  
  46  4:59  Stalker  
  50  5:00  Stalker x2  
  54  5:09  Templar Archives, Probe  
  54  5:10  Probe  
  56  5:21  Probe  
  56  5:22  Photon Cannon  
  56  5:26  Photon Cannon  
  57  5:33  Photon Cannon  
  57  5:34  Probe x2  
  59  5:46  Probe (Chrono Boost)  
  59  5:47  Probe (Chrono Boost)  
  61  5:56  Probe x2 (Chrono Boost)  
  63  5:57  Pylon  
  63  6:00  Pylon  
  63  6:01  Probe (Chrono Boost)  
  63  6:02  Photon Cannon  
  64  6:15  Nexus  
  64  6:18  Pylon  
  64  6:20  Stalker, Pylon  
  66  6:27  Protoss Ground Weapons Level 1  
  66  6:32  Psionic Storm  
  66  6:44  Gateway x2  
  66  6:46  Pylon  
  66  6:55  Photon Cannon  
  65  7:08  Stalker  
  65  7:09  Stalker x3  
  64  7:43  Stalker  
  64  7:44  Stalker x4  
  60  7:45  Stalker  
  63  8:06  Stalker x2  
  63  8:07  Zealot  
  63  8:08  Zealot x2  
  73  8:17  Probe x2  
  75  8:25  Assimilator  
  75  8:29  Probe x2  
  77  8:42  Stalker  
  79  8:53  Photon Cannon  
  79  8:55  Photon Cannon  
  79  8:58  Assimilator  
  79  9:21  Gateway  
  79  9:25  Gateway  
  79  9:30  Pylon  
  79  9:35  Stalker x2, Photon Cannon  
  79  9:36  Stalker  
  79  9:38  Zealot x2  
  89  9:47  Nexus  
  89  9:53  Pylon  
  89  10:03  Probe x2  
  86  10:15  Probe x2  
  88  10:27  Probe x2  
  72  10:33  Stalker x4  
  72  10:34  Stalker x2  
  66  11:08  Stalker x2  
  66  11:09  Stalker  
  66  11:11  Stalker  
  74  11:32  Stalker x2  
  78  11:34  Nexus  
  78  11:37  Pylon  
  78  11:39  Pylon  
  78  11:42  Pylon  
  78  12:00  Blink  
  78  12:03  High Templar  
  80  12:13  Photon Cannon  
  80  12:14  Photon Cannon  
  80  12:16  Photon Cannon  
  80  12:20  Pylon  
  80  12:23  Photon Cannon  
  80  12:26  Assimilator  
  53  13:02  Stalker x3  
  53  13:03  Stalker x2  
  53  13:04  Stalker  
  51  13:40  High Templar  
  53  13:57  Protoss Ground Armor Level 1  
  53  14:07  Photon Cannon  
  53  14:11  Photon Cannon  
  53  14:15  Stalker x3  
  53  14:16  Stalker, Photon Cannon  
  61  14:19  Pylon  
  61  14:23  Assimilator  
  61  14:24  Probe x3  
  61  14:30  Pylon  
  64  14:36  Probe x3  
  67  14:42  Stalker x3  
  67  14:43  Stalker x2  
  77  14:48  Probe x2  
  77  14:49  Probe  
  80  15:00  Probe  
  80  15:01  Probe x2  
  80  15:05  Photon Cannon  
  80  15:06  Photon Cannon  
  83  15:08  Photon Cannon  
  83  15:12  Photon Cannon  
  83  15:13  Probe x3  
  84  15:20  Stalker  
  84  15:21  Stalker x3  
  73  15:22  Stalker x3  
  65  15:39  Stalker  
  65  15:40  Stalker  
  57  16:06  Stalker x3  
  57  16:07  Stalker x3  
  57  16:08  High Templar  
  71  16:27  Photon Cannon  
  71  16:29  Stalker x3  
  71  16:30  Stalker x3, Photon Cannon  
  83  16:34  Photon Cannon  
  83  16:59  Pylon  
  83  17:02  Pylon  
  83  17:10  High Templar  
  83  17:11  High Templar x2  
  89  17:19  Assimilator  
  89  17:20  Photon Cannon  
  89  17:21  Photon Cannon  
  89  17:29  Photon Cannon  
  89  17:31  Photon Cannon  
  89  17:34  Nexus  
  89  17:38  Assimilator  
  89  17:39  Stalker x3  
  89  17:40  Stalker x3  
  89  17:43  High Templar  
  103  17:59  High Templar  
  103  18:00  Stalker  
  107  18:15  Stalker x2  
  107  18:16  Stalker x2  
  115  18:28  Stalker x3  
  115  18:29  Stalker  
  56  19:23  Pylon  
  55  19:24  Pylon  
  55  19:28  Pylon  
  55  19:30  Pylon x2  
  55  19:31  Stalker  
  55  19:32  Stalker x3  
  55  19:33  Stalker x2, Pylon  
  55  19:34  Stalker x3  
  52  19:55  Zealot  
  52  19:56  Zealot x3  
  52  19:59  Zealot  
  44  20:10  Stalker  
  35  20:30  Zealot x2  
  35  20:31  Zealot  
  34  20:41  Zealot  
  34  21:07  Stalker  
  34  21:08  Stalker x2  
  40  21:59  Nexus  
  40  22:05  Nexus  
  40  22:09  Photon Cannon  
  40  22:13  Photon Cannon  
  40  22:53  Pylon  
  40  22:55  Pylon  
  36  23:04  Stalker x3  
  42  23:23  Zealot x2  
  36  23:34  Zealot  
  28  24:38  Zealot x4  
  28  24:39  Zealot x2  
  15  25:00  Zealot  
Tags
 
Add a new tag
Caveats
  • Supply blocks, unpowered buildings, or Contaminate may cause inaccurate times.
  • Supply counts are checked every 10 seconds.